 Dungeon Crawl Stone Soup version 0.30-a0-1008-g30c9307041 (webtiles) character file.

Game seed: 2274228863238234449

90 ThatPearl the Grasshopper (level 4, 0/38 HPs)
             Began as an Armataur Warper on Apr 5, 2023.
             Was a Follower of Okawaru.
             Slain by an orc wizard
             ... wielding a +0 dagger
              (1 damage)
             ... on level 6 of the Dungeon.
             The game lasted 00:05:05 (1714 turns).

ThatPearl the Grasshopper (Armataur Warper)         Turns: 1714, Time: 00:05:06

Health: 0/38       AC:  5    Str: 16    XL:     4   Next: 32%
Magic:  6/6        EV:  8    Int: 16    God:    Okawaru [*.....]
Gold:   95         SH:  0    Dex:  9    Spells: 4/6 levels left

rFire   . . .      SeeInvis .    g - +0 quarterstaff
rCold   . . .      Faith    .    (shield currently unavailable)
rNeg    . . .      Spirit   .    r - +0 ring mail "Ebeteic" {rCorr}
rPois   .          Reflect  .    (no helmet)
rElec   .          Roll     +    (no cloak)
rCorr   +                        (no gloves)
Will    +....                    (no barding) Stlth
                                 (no amulet)
HPRegen 0.26/turn                f - ring of willpower
MPRegen 0.10/turn                (no ring)

@: no status effects
A: large, rugged brown scales 3, deformed body, armoured tail, roll, long
tongue, awkward tongue
a: Renounce Religion, Heroism


You were on level 6 of the Dungeon.
You worshipped Okawaru.
Okawaru was aware of your devotion.
You visited 1 branch of the dungeon, and saw 4 of its levels.

You collected 95 gold pieces.

Inventory:

Hand Weapons
 a - a +0 mace
 g - a +0 quarterstaff (weapon)
 o - a +2 dagger of draining
 s - a +0 sling
Missiles
 d - 7 boomerangs of dispersal (quivered)
Armour
 b - a +0 leather armour
 r - the +0 ring mail "Ebeteic" (worn) {rCorr}
   (You found it on level 2 of the Dungeon)

   rCorr:     It protects you from acid and corrosion.
Jewellery
 f - a ring of willpower (left hand)
Scrolls
 c - a scroll of blinking
 e - 2 scrolls of amnesia {unknown}
 h - a scroll of brand weapon {unknown}
 j - 2 scrolls of teleportation {unknown}
 l - a scroll of immolation {unknown}
 m - 6 scrolls of identify {unknown}
 n - a scroll of vulnerability {unknown}
 q - a scroll of poison {unknown}
 t - a scroll of magic mapping {unknown}
Potions
 i - a potion of might {unknown}
 k - a potion of degeneration {unknown}
 p - 3 potions of curing {unknown}


   Skills:
 - Level 1.7 Fighting
 - Level 2.1(2.7) Maces & Flails
 + Level 2.4(2.9) Staves
 - Level 0.8 Throwing
 - Level 1.2 Armour
 - Level 1.3 Dodging
 - Level 1.7 Spellcasting
 + Level 4.0 Translocations


You had 4 spell levels left.
You knew the following spells:

 Your Spells              Type           Power      Damage    Failure   Level
b - Blink                 Tloc           28%        N/A       12%         2

Your spell library contained the following spells:

 Spells                   Type           Power      Damage    Failure   Level
 Lesser Beckoning         Tloc           28%        N/A       12%         2
 Teleport Other           Tloc           14%        N/A       24%         3
 Vhi's Electric Charge    Tloc/Air       14%        N/A       47%         3
 Manifold Assault         Tloc           14%        N/A       61%         4
 Anguish                  Hex/Necr       0%         N/A       99%         4
 Enfeeble                 Hex            0%         N/A       100%        7


Dungeon Overview and Level Annotations

Branches:
Dungeon (3/15)

Altars:
Okawaru
Xom

Shops:
D:2 (


Innate Abilities, Weirdness & Mutations

You are completely covered in rugged brown scales. (AC +3, +7% HP)
Armour fits poorly on your strangely shaped body.
You have a long armoured tail.
You roll when moving toward enemies. (Rampage)
Your long tongue fully drains potion bottles. (2x potion effects)
Your tongue gives you trouble enunciating. (1.5x scroll delay)


Message History

The orc completely misses you. The orc barely misses you.
The orc wizard hits you with a +0 dagger.
You closely miss the orc wizard. The orc hits you but does no damage.
The orc barely misses you. The orc wizard barely misses you.
The orc wizard points at you and mumbles some strange words.
The puff of flame hits you.
* * * LOW HITPOINT WARNING * * *
The orc barely misses you. The orc hits you with a +0 dagger.
* * * LOW HITPOINT WARNING * * *
You sock the orc wizard! You tail-slap the orc wizard.
The orc wizard is severely wounded.
The orc hits you but does no damage. The orc barely misses you.
The orc wizard hits you but does no damage.
The orc wizard mumbles some strange words.
The orc wizard flickers and vanishes!
Deactivating autopickup; reactivate with Ctrl-A.
You closely miss the orc. The orc hits you with a +0 short sword.
* * * LOW HITPOINT WARNING * * *
The orc hits you with a +0 dagger.
* * * LOW HITPOINT WARNING * * *
You hit the orc.
You kill the orc!
Okawaru accepts your kill.
You hit the orc.
The orc is severely wounded.
The orc barely misses you.
You hit the orc.
You kill the orc!
Okawaru accepts your kill.
A magic dart appears from out of thin air!
The magic dart hits you.
* * * LOW HITPOINT WARNING * * *
Your Translocations skill increases to level 4!
You miss something.
Your tail-slap misses something.
Something hits you.
* * * LOW HITPOINT WARNING * * *
You barely miss something. Something hits you but does no damage.
Something hits you.
* * * LOW HITPOINT WARNING * * *
You completely miss something. Something hits you.
You die...

.. #.....
##.##...... .
##...#.....#
..###.........#
..............#.
................
#......{.$.#
#.....#@.$## ##.
#..)...# #...
###...##.#
###...##..........
..................
..###.#.#.........
...#..#.#...♣..♣♣.
............♣P~♣
###...#....♣♣♣.~♣


There were no monsters in sight!

Vanquished Creatures
  An adder (D:3)
  A worm (D:2)
  2 dart slugs
  4 orcs
  4 ball pythons
  6 endoplasms
  A giant cockroach (D:2)
  9 goblins
  2 hobgoblins
  14 jackals
  7 bats
  3 frilled lizards
  5 kobolds
  2 rats (D:1)
61 creatures vanquished.

Vanquished Creatures (others)
  2 adders (D:3)
  A dart slug (D:3)
  A hobgoblin (D:3)
4 creatures vanquished.

Grand Total: 65 creatures vanquished

Notes
Turn   | Place    | Note
-------+----------+-------------------------------------------
     0 | D:1      | ThatPearl the Armataur Warper began the quest for the Orb.
     0 | D:1      | Reached XP level 1. HP: 18/18 MP: 3/3
    69 | D:1      | Reached XP level 2. HP: 16/25 MP: 4/4
   114 | D:1      | Learned a level 2 spell: Blink
   130 | D:1      | Reached skill level 1 in Staves
   379 | D:1      | Found a faded altar of an unknown god.
   396 | D:1      | Reached XP level 3. HP: 20/29 MP: 5/5
   408 | D:1      | Prayed at the altar of an unknown god.
   408 | D:1      | Became a worshipper of Warmaster Okawaru
   408 | D:1      | Reached * piety under Okawaru
   720 | D:2      | Found Syuts's Weapon Boutique.
   749 | D:2      | Identified the +0 ring mail "Ebeteic" {rCorr}
  1380 | D:3      | Found a shimmering altar of Xom.
  1403 | D:3      | Reached XP level 4. HP: 13/38 MP: 6/6
  1690 | D:3      | You fall into a shaft and drop 3 floors!
  1711 | D:6      | Reached skill level 4 in Translocations
  1713 | D:6      | HP: 1/38 [something (2)]
  1714 | D:6      | Slain by an orc wizard

Illustrated notes

Levels and vault maps discovered:
D:1:      dpeg_arrival_tiny_a, layout_rooms, hellmonk_ecumenical_altar_run_dry
D:2:      layout_basic, serial_shops, nicolae_shop_waterfront,
          grunt_ministairs_1, minmay_misc_feat_secret_circle
D:3:      kennysheep_six_static_rooms, layout_basic, xom_confusion_cloud,
          grunt_temple_overflow_open
D:6:      layout_cave_pools, gammafunk_ghost_cemetery, serial_bayou_crossing,
          uniq_blork_the_orc

Skill      XL: |  1  2  3  4 |
---------------+-------------+-----
Maces & Flails | 2 |  2.1
Staves         | 1 2 |  2.4
Translocations | 4 |  4.0
Fighting       | |  1.7
Throwing       | |  0.8
Armour         | |  1.2
Dodging        | |  1.3
Spellcasting   | |  1.7

Action                     |  1- 3 |  4- 6 || total
---------------------------+-------+-------++-------
  Melee: Quarterstaff      |   139 |    39 ||   178
         Mace              |     5 |       ||     5
         Tailslap          |    15 |     2 ||    17
 Armour: Leather armour    |    74 |       ||    74
         Ring mail         |    10 |    19 ||    29
  Dodge: Dodged            |   106 |    21 ||   127

Table legend: (Time is in decaauts)
 A = Elapsed time spent in this place.
 B = Non-inter-level travel time spent in this place.
 C = Inter-level travel time spent in this place.
 D = Time resting spent in this place.
 E = Time spent auto-exploring this place.
 F = Levels seen in this place.
 G = Mean time per level.
                   A        B        C        D        E       F      G
               +--------+--------+--------+--------+--------+-----+--------+
         Total |   1746 |   1713 |     33 |     65 |   1128 |   4 |  436.5 |
       Dungeon |   1746 |   1713 |     33 |     65 |   1128 |   4 |  436.5 |
               +--------+--------+--------+--------+--------+-----+--------+

Top non-repeatable levels by time:
     D:2: 790 daAuts
     D:1: 545 daAuts
     D:3: 384 daAuts
     D:6: 25 daAuts
